 Dungeon Sprint DCSS version 0.22-a0-402-ga933591 (webtiles) character file.

116 raistware the Cleaver (level 4, -8/40 HPs)
             Began as a Deep Dwarf Fighter on May 7, 2018.
             Was a Believer of the Shining One.
             Killed from afar by a steam dragon (10 damage)
             ... with a ball of steam
             ... in the Dungeon (Sprint IX: "|||||||||||||||||||||||||||||").
             The game lasted 00:03:37 (181 turns).

raistware the Cleaver (Deep Dwarf Fighter)           Turns: 181, Time: 00:03:38

Health: -8/40      AC: 10    Str: 21    XL:     4   Next: 70%
Magic:  4/4        EV: 10    Int: 11    God:    the Shining One [**....]
Gold:   0          SH:  9    Dex: 12    Spells: 3/3 levels left

rFire    . . .     SeeInvis .   p - +1 broad axe (chop)
rCold    . . .     Gourm    .   c - +0 shield
rNeg     + . .     Faith    .   r - +2 ring mail
rPois    .         Spirit   .   q - +0 helmet
rElec    .         Reflect  .   (no cloak)
rCorr    .         Harm     .   (no gloves)
MR       .....     NoTele   +   a - +0 pair of boots
Stlth    +.........             (no amulet)
HPRegen  0.00/turn              t - +2 ring of evasion
MPRegen  0.09/turn              s - +3 ring of intelligence

@: non-regenerating, glowing
A: damage resistance, heal wounds, sense surroundings 1, no regeneration
a: Heal Wounds, Divine Shield, Renounce Religion


You were in the Dungeon.
You worshipped the Shining One.
The Shining One was pleased with you.
You were not hungry.

You visited 1 branch

Inventory:

Hand Weapons
 b - a +2 morningstar of crushing
 p - a +1 broad axe of chopping (weapon)
Armour
 a - a +0 pair of boots (worn)
 c - a +0 shield (worn)
 q - a +0 helmet (worn)
 r - a +2 ring mail (worn)
Jewellery
 s - a +3 ring of intelligence (right hand)
 t - a +2 ring of evasion (left hand)
Wands
 o - a wand of iceblast (10)
Scrolls
 k - 2 scrolls of blinking
 m - 3 scrolls of remove curse
 n - 2 scrolls of amnesia
Potions
 d - a potion of might
 e - 5 potions of curing
 g - 2 potions of heal wounds
 h - a potion of haste
 i - 4 potions of magic
 l - a potion of invisibility
Comestibles
 f - a ration
 j - 3 chunks of flesh


   Skills:
 - Level 2.6 Fighting
 + Level 10.4 Axes
 - Level 3.2 Armour
 - Level 3.2 Shields


You had 3 spell levels left.
You didn't know any spells.

Dungeon Overview and Level Annotations

Branches:
Dungeon (1/1)

Altars:
Cheibriados
Dithmenos
Elyvilon
Fedhas
Gozag
Hepliaklqana
Kikubaaqudgha
Makhleb
Nemelex Xobeh
Okawaru
Qazlal
Ru
Sif Muna
Trog
Uskayaw
Vehumet
Wu Jian
Xom
Yredelemnul
Zin
The Shining One
Beogh
Jiyva
Lugonu


Innate Abilities, Weirdness & Mutations

You are resistant to damage.
You can heal yourself by infusing magical energy.
You passively map a small area around you.
You do not regenerate.


Message History

* * * LOW HITPOINT WARNING * * *
The steam dragon bites you.
* * * LOW HITPOINT WARNING * * *
The steam dragon claws you.
There is an open door to the Dungeon, spattered with blood here.
You see here an adder corpse.
You hit the steam dragon but do no damage.
You are engulfed in a cloud of scalding steam.
* * * LOW HITPOINT WARNING * * *
The steam dragon bites you. The steam dragon closely misses you.
You hit the steam dragon.
The steam dragon is lightly wounded.
You are engulfed in a cloud of scalding steam.
The steam dragon closely misses you. The steam dragon misses you.
You hit the steam dragon.
The steam dragon is lightly wounded.
You are engulfed in a cloud of scalding steam.
The steam dragon breathes steam at you. The ball of steam hits you!
You die...

, ∩ , * * ** * * , , , ,
* * * ** * * * , ,, ,,,
* *** * * * , , ,,, , ,
,
▓▓▓▓▓▓▓▓▓▓▓▓▓▓▓▓▓▓▓▓▓▓▓▓
**
______'..|).§.§[@DYSZ..+
▓▓▓▓▓▓▓▓▓▓▓▓▓▓▓▓▓▓▓▓▓▓▓▓


You could see a steam dragon, an ice beast, an adder and a bat skeleton.

Vanquished Creatures
  A crimson imp (D)
  An orc priest (D)
  An iguana (D)
  2 adders (D)
  A worm (D)
  A leopard gecko (D)
  A bat (D)
  A frilled lizard (D)
  2 kobolds (D)
  A rat (D)
12 creatures vanquished.

Notes
Turn   | Place    | Note
-------+----------+-------------------------------------------
     0 | D        | raistware the Deep Dwarf Fighter began the quest for the Orb.
     0 | D        | Reached XP level 1. HP: 20/20 MP: 1/1
     9 | D        | Reached skill level 3 in Axes
    13 | D        | Reached skill level 4 in Axes
    20 | D        | Noticed an iguana
    20 | D        | Noticed an orc priest
    26 | D        | Killed an iguana
    26 | D        | Reached skill level 7 in Axes
    26 | D        | Reached XP level 2. HP: 13/27 MP: 2/2
    26 | D        | Reached XP level 3. HP: 16/33 MP: 3/3
    33 | D        | Reached skill level 9 in Axes
    33 | D        | Reached XP level 4. HP: 19/40 MP: 4/4
    41 | D        | Found a roughly hewn altar of Beogh.
    41 | D        | Found a snail-covered altar of Cheibriados.
    41 | D        | Found a shadowy altar of Dithmenos.
    41 | D        | Found a white marble altar of Elyvilon.
    41 | D        | Found a blossoming altar of Fedhas.
    41 | D        | Found an opulent altar of Gozag.
    42 | D        | Found a hazy altar of Hepliaklqana.
    43 | D        | Found a viscous altar of Jiyva.
    44 | D        | Found an ancient bone altar of Kikubaaqudgha.
    45 | D        | Found a corrupted altar of Lugonu.
    46 | D        | Found a burning altar of Makhleb.
    47 | D        | Found a sparkling altar of Nemelex Xobeh.
    48 | D        | Found an iron altar of Okawaru.
    49 | D        | Found a stormy altar of Qazlal.
    50 | D        | Found a sacrificial altar of Ru.
    51 | D        | Found a deep blue altar of Sif Muna.
    52 | D        | Found a bloodstained altar of Trog.
    53 | D        | Found a hide-covered altar of Uskayaw.
    54 | D        | Found a radiant altar of Vehumet.
    55 | D        | Found an ornate altar of the Wu Jian Council.
    56 | D        | Found a shimmering altar of Xom.
    57 | D        | Found a basalt altar of Yredelemnul.
    58 | D        | Found a glowing silver altar of Zin.
    59 | D        | Found a glowing golden altar of the Shining One.
   161 | D        | Became a worshipper of the Shining One
   173 | D        | Noticed a steam dragon
   173 | D        | Reached * piety under the Shining One
   173 | D        | Noticed an ice beast
   176 | D        | Reached ** piety under the Shining One
   176 | D        | Reached skill level 10 in Axes
   179 | D        | HP: 2/40 [steam dragon] (2)]
   181 | D        | Killed from afar by a steam dragon

Vault maps used:
D:        linesprint

Skill      XL: |  1  2  3  4 |
---------------+-------------+-----
Axes           | 7 9 10 | 10.4
Fighting       | |  2.6
Armour         | |  3.2
Shields        | |  3.2

Action                   |  1- 3 |  4- 6 || total
-------------------------+-------+-------++-------
Melee: War axe           |    21 |       ||    21
       Broad axe         |       |     7 ||     7
  Use: Potion            |     1 |     1 ||     2
Armor: Scale mail        |     4 |       ||     4
       Ring mail         |       |     1 ||     1
Dodge: Dodged            |     2 |     4 ||     6
Block: Shield            |    13 |     2 ||    15

Table legend:
 A = Spawn XP
 B = Non-spawn XP
 C = Spawn XP percentage of total XP
 D = Spawn monster count
 E = Non-spawn monster count
 F = Spawn count percentage of total count
 G = Total turns spent on level
                    A         B        C        D         E        F      G
               +---------+---------+-------+---------+---------+-------+---------
         Total |       0 |     167 |   0.0 |       0 |      12 |   0.0 |   181
               +---------+---------+-------+---------+---------+-------+---------
             D |       0 |     167 |   0.0 |       0 |      12 |   0.0 |   181
               +---------+---------+-------+---------+---------+-------+---------
